 Dungeon Crawl Stone Soup version 0.30.1-4-g462c640d31 (webtiles) character file.

Game seed: 14112116184796666220

73 spardeous the Conjurer (level 3, 0/26 HPs)
             Began as a Demigod Conjurer on Aug 20, 2023.
             Killed from afar by an orc wizard (10 damage)
             ... with a magic dart
             ... on level 3 of the Dungeon.
             The game lasted 00:03:08 (2727 turns).

spardeous the Conjurer (Demigod Conjurer)           Turns: 2727, Time: 00:03:09

Health: 0/26       AC:  8    Str: 12    XL:     3   Next: 83%
Magic:  2/8        EV: 11    Int: 20    God:
Gold:   101        SH:  0    Dex: 12    Spells: 2/5 levels left

rFire   . . .        (no weapon)
rCold   . . .        (no shield)
rNeg    . . .        r - +0 acid dragon scales
rPois   .            t - +1 hat
rElec   .            (no cloak)
rCorr   +            (no gloves)
SInv    .            n - +0 pair of boots
Will    .....        (no amulet)
Stlth   +            (no ring)
HPRegen 0.24/turn    (no ring)
MPRegen 0.11/turn

%: no passive effects
@: confused
A: high MP 1, forlorn, divine attributes
a: no special abilities


You were on level 3 of the Dungeon.
You visited 1 branch of the dungeon, and saw 3 of its levels.

You collected 101 gold pieces.

Inventory:

Armour
 a - a +0 robe
 c - a +0 helmet
 m - a +1 plate armour of fire resistance
 n - a +0 pair of boots (worn)
 r - +0 acid dragon scales (worn)
 t - a +1 hat (worn)
Scrolls
 h - 3 scrolls of identify {unknown}
 j - a scroll of amnesia {unknown}
 l - a scroll of teleportation {unknown}
 q - a scroll of fog {unknown}
 s - a scroll of immolation {unknown}
Potions
 b - a potion of magic
 d - a potion of haste {unknown}
 e - a potion of attraction {unknown}
 f - a potion of flight {unknown}
 g - 3 potions of curing {unknown}
 i - a potion of heal wounds {unknown}
 k - 2 potions of brilliance {unknown}
 o - 3 potions of might {unknown}
 p - a potion of invisibility {unknown}


   Skills:
 - Level 1.7 Dodging
 - Level 1.7 Stealth
 - Level 1.7 Spellcasting
 + Level 5.1 Conjurations


You had 2 spell levels left.
You knew the following spells:

 Your Spells              Type           Power      Damage    Failure   Level
a - Magic Dart            Conj           88%        1d7       3%          1
b - Searing Ray           Conj           44%        2d6       4%          2

Your spell library contained the following spells:

 Spells                   Type           Power      Damage    Failure   Level
 Dazzling Flash           Conj/Hex       24%        N/A       26%         3
 Portal Projectile        Hex/Tloc       2%         N/A       58%         3
 Tukima's Dance           Hex            1%         N/A       58%         3
 Fulminant Prism          Conj/Hex       6%         3d7       63%         4
 Iskenderun's Mystic Bla  Conj/Tloc      12%        2d5       63%         4
 Blade Hands              Tmut           0%         N/A       100%        5
 Summon Forest            Summ/Tloc      0%         N/A       100%        5
 Eringya's Noxious Bog    Tmut/Pois      0%         N/A       100%        6
 Summon Hydra             Summ           0%         N/A       100%        7


Dungeon Overview and Level Annotations

Branches:
Dungeon (3/15)


Innate Abilities, Weirdness & Mutations

You have an increased reservoir of magic. (+10% MP)
You shall have no god before yourself.
Your divine heritage dramatically boosts your attributes as you level up.


Message History

Unknown command.
The searing ray hits the orc priest but does no damage.
The orc priest is moderately wounded.
You hear some strange, mumbled words.
A magic dart appears from out of thin air!
The magic dart hits you.
You take 3 damage, and have 23/26 hp.
You now have 0/8 mp.
A magic dart appears from out of thin air!
The magic dart hits you but does no damage.
You hear some strange, mumbled words.
You are confused.
You bump into the rock wall.
You closely miss something.
The orc priest begins to cast a cantrip, but forgets the words!
Something hits you.
You take 4 damage, and have 21/26 hp.
Something hits you but does no damage.
You feel less confused. The orc priest hits you with a +0 mace.
You take 3 damage, and have 18/26 hp.
The orc priest attacks as you move away!
The orc priest closely misses you.
The orc priest mumbles some strange prayers to Beogh against you.
Pain shoots through your body! Something hits you but does no damage.
You take 3 damage, and have 16/26 hp.
Something hits you.
You hear some strange, mumbled words.
You are confused.
You take 1 damage, and have 15/26 hp.
You bump into the rock wall.
The orc priest miscasts a cantrip.
You hear some strange, mumbled words.
A magic dart appears from out of thin air!
The magic dart hits you.
* * * LOW HITPOINT WARNING * * *
You take 6 damage, and have 10/26 hp.
MASSIVE DAMAGE!!
The orc priest begins to cast a cantrip, but forgets the words!
A magic dart appears from out of thin air!
The magic dart hits you!
You die...

#########
#.......##############
#.#####.......{.@.<..#
...## #####...o.####.#
....######.......# #.#
....)))..........# #.#
....######.......# #.#
...>.######.....## #.#
...o....# ##...## #.#
..##.##.# ##.##
###.### ..##.# #
#.####.....#


You could see an orc priest.

Vanquished Creatures
  2 adders (D:2)
  2 dart slugs
  2 orcs (D:3)
  4 endoplasms
  4 giant cockroaches
  4 hobgoblins
  2 jackals (D:1)
  3 quokkas
  4 ball pythons
  A bat (D:1)
  2 frilled lizards
  5 goblins
  6 kobolds
  4 rats
45 creatures vanquished.

Notes
Turn   | Place    | Note
-------+----------+-------------------------------------------
     0 | D:1      | spardeous the Demigod Conjurer began the quest for the Orb.
     0 | D:1      | Reached XP level 1. HP: 14/14 MP: 5/5
   275 | D:1      | Reached skill level 4 in Conjurations
   475 | D:1      | Reached XP level 2. HP: 20/20 MP: 4/7
  1604 | D:1      | Learned a level 2 spell: Searing Ray
  1611 | D:2      | Reached XP level 3. HP: 23/26 MP: 1/8
  2322 | D:2      | Reached skill level 5 in Conjurations
  2727 | D:3      | Killed from afar by an orc wizard

Illustrated notes

Levels and vault maps discovered:
D:1:      matt_arrival_los_fun, layout_loops_corners, minmay_three_crescents
D:2:      layout_basic, kennysheep_crisscross, nicolae_elevator_lobby_asterisk
D:3:      layout_loops_ring, mainiacjoe_overflow_alcove_4,
          mainiacjoe_overflow_paths, serial_shops, nicolae_shop_rolled_up

Skill      XL: |  1  2  3 |
---------------+----------+-----
Conjurations   | 4 5 |  5.1
Dodging        | |  1.7
Stealth        | |  1.7
Spellcasting   | |  1.7

Action                     || total
---------------------------++-------
  Melee: Unarmed           ||     1
   Cast: Magic Dart        ||   100
         Searing Ray       ||     3
 Armour: Robe              ||    13
         Acid dragon scale ||     5
  Dodge: Dodged            ||    51
